 Dungeon Crawl Stone Soup version 0.22-a0-75-g1fede22 (webtiles) character file.

105 KristoblXynda the Slasher (level 4, 0/36 HPs)
             Began as a Draconian Gladiator on Jan 12, 2018.
             Killed from afar by an orc wizard (8 damage)
             ... with a puff of flame
             ... on level 4 of the Dungeon.
             The game lasted 00:03:00 (1118 turns).

KristoblXynda the Slasher (Draconian Gladiator)     Turns: 1118, Time: 00:03:01

Health: 0/36       AC:  5    Str: 16    XL:     4   Next: 53%
Magic:  4/4        EV: 13    Int: 10    God:
Gold:   101        SH:  0    Dex: 12    Spells: 3/3 levels left

rFire    . . .     SeeInvis .   a - +0 long sword
rCold    + . .     Gourm    .   (no shield)
rNeg     . . .     Faith    .   (armour unavailable)
rPois    .         Spirit   .   b - +0 hat
rElec    .         Reflect  .   (no cloak)
rCorr    .         Harm     .   (no gloves)
MR       +....                  (no boots)
Stlth    +.........             (no amulet)
HPRegen  0.12/turn              f - ring of protection from cold
MPRegen  0.09/turn              h - ring of protection from magic

@: no status effects
A: unfitting armour, cold-blooded, AC +5
a: no special abilities


You were on level 4 of the Dungeon.
You were not hungry.

You visited 1 branch of the dungeon, and saw 3 of its levels.

You collected 101 gold pieces.

Inventory:

Hand Weapons
 a - a +0 long sword (weapon)
Missiles
 c - 3 throwing nets (quivered)
Armour
 b - a +0 hat (worn)
Jewellery
 f - a ring of protection from cold (left hand)
 h - a ring of protection from magic (right hand)
Scrolls
 g - 3 scrolls of identify {unknown}
 i - a scroll of enchant armour {unknown}
 j - a scroll of noise {unknown}
 k - 2 scrolls of immolation {unknown}
 l - a scroll of random uselessness {unknown}
 m - 2 scrolls of fear {unknown}
 n - a scroll of teleportation {unknown}
Potions
 o - a potion of magic {unknown}
 p - a potion of brilliance {unknown}
Comestibles
 d - 8 rations


   Skills:
 - Level 2.1 Fighting
 * Level 4.4 Long Blades
 - Level 2.2 Throwing
 + Level 3.5 Dodging


You had 3 spell levels left.
You didn't know any spells.

Dungeon Overview and Level Annotations

Branches:
Dungeon (2/15)

Altars:


Innate Abilities, Weirdness & Mutations

Your plain brown scales are hard. (AC +5)
You cannot fit into any form of body armour.
You are cold-blooded and may be slowed by cold attacks.


Message History

The orc hits you but does no damage.
You feel better. The orc hits you. The orc hits you with a falchion.
The orc wizard closely misses you.
Unknown command.
You slash the orc wizard!
The orc wizard is heavily wounded.
The orc hits you but does no damage. The orc hits you.
The orc wizard hits you with a dagger. The orc hits you with a falchion.
You miss the orc wizard.
The orc wizard is heavily wounded.
The orc barely misses you. The orc misses you.
The orc wizard hits you with a dagger.
* * * LOW HITPOINT WARNING * * *
The orc hits you but does no damage.
Unknown command.
You feel better. The orc hits you with a flail. The orc hits you.
* * * LOW HITPOINT WARNING * * *
The orc wizard points at you and mumbles some strange words.
The puff of flame hits you!
You die...

.. #..
...##..## .#
...#....#####..
..............#
<.............#
.........#.....
........#......
...#...o.....##
#$.....@......#
..####ooo#..#..
##....## ##..##
..# ... ....
.....


You could see an orc wizard and 3 orcs.

Vanquished Creatures
  Natasha (D:2)
  Robin (D:2)
  An adder (D:2)
  A gnoll (D:1)
  An ooze (D:1)
  A dart slug (D:2)
  A leopard gecko (D:2)
  A ball python (D:1)
  3 bats
  3 giant cockroaches
  10 goblins
  5 hobgoblins (D:2)
  9 frilled lizards
  5 rats
43 creatures vanquished.

Notes
Turn   | Place    | Note
-------+----------+-------------------------------------------
     0 | D:1      | KristoblXynda the Draconian Gladiator began the quest for the Orb.
     0 | D:1      | Reached XP level 1. HP: 17/17 MP: 1/1
    34 | D:1      | Reached XP level 2. HP: 19/24 MP: 2/2
   410 | D:2      | Reached XP level 3. HP: 29/29 MP: 3/3
   450 | D:2      | Noticed Robin
   491 | D:2      | Killed Robin
   827 | D:2      | Noticed Natasha
   834 | D:2      | Killed Natasha
   834 | D:2      | Reached skill level 4 in Long Blades
   834 | D:2      | Reached XP level 4. HP: 36/36 MP: 4/4
  1111 | D:2      | You fall through a shaft for 2 floors!
  1118 | D:4      | Killed from afar by an orc wizard

Vault maps used:
D:1:      onia_arrival_handbag
D:2:      first_ration, minmay_lizard_pond, uniq_natasha, uniq_terence,
          uniq_robin
D:4:      fedhas_altar_fruit_tree

Skill      XL: |  1  2  3 |
---------------+----------+-----
Throwing       | 2 |  2.2
Dodging        | 3 |  3.5
Long Blades    | 4 |  4.4
Fighting       | |  2.1

Action                   |  1- 3 |  4- 6 || total
-------------------------+-------+-------++-------
Melee: Long sword        |    58 |    40 ||    98
       Tailslap          |    12 |     6 ||    18
  Use: Potion            |     1 |     2 ||     3
 Stab: Sleeping          |     1 |       ||     1
  Eat: Chunk             |       |     1 ||     1
Armor: Skin              |    17 |    17 ||    34
Dodge: Dodged            |    58 |    33 ||    91
       Rpst.: Long sword |    23 |    18 ||    41

Table legend:
 A = Spawn XP
 B = Non-spawn XP
 C = Spawn XP percentage of total XP
 D = Spawn monster count
 E = Non-spawn monster count
 F = Spawn count percentage of total count
 G = Total turns spent on level
                    A         B        C        D         E        F      G
               +---------+---------+-------+---------+---------+-------+---------
         Total |       0 |     150 |   0.0 |       0 |      43 |   0.0 |  1118
               +---------+---------+-------+---------+---------+-------+---------
           D:1 |       0 |      38 |   0.0 |       0 |      13 |   0.0 |   407
           D:2 |       0 |     112 |   0.0 |       0 |      30 |   0.0 |   704
               +---------+---------+-------+---------+---------+-------+---------
